 Dungeon Crawl Stone Soup version 0.30-a0-743-gbfdf073431 (webtiles) character file.

Game seed: 4651296783658495814

25226 cheesebisquit the Grappler (level 12, -17/122 HPs)
             Began as a Troll Fighter on Feb 7, 2023.
             Was a High Priest of Okawaru.
             Demolished by a naga
             ... wielding a +0 halberd
              (24 damage)
             ... on level 2 of the Lair of Beasts.
             The game lasted 00:46:16 (13221 turns).

cheesebisquit the Grappler (Troll Fighter)         Turns: 13221, Time: 00:46:16

Health: -17/122    AC: 10    Str: 37    XL:     12   Next: 87%
Magic:  13/15      EV:  7    Int:  4    God:    Okawaru [*****.]
Gold:   379        SH: 17    Dex:  9    Spells: 11/11 levels left

rFire   . . .      SeeInvis +      - Unarmed
rCold   . . .      Faith    .    X - +1 kite shield "Emuheceg" {Rampage Will+ SInv Stlth-}
rNeg    . . .      Spirit   .    o - +0 steam dragon scales
rPois   .          Reflect  +    a - +2 hat {SInv}
rElec   .          Harm     .    (no cloak)
rCorr   .          Rampage  +    (gloves unavailable)
Will    ++...                    (boots unavailable)
Stlth   ++                       w - amulet of reflection
HPRegen 1.20/turn                s - ring of willpower
MPRegen 0.14/turn                N - +6 ring of strength

@: lethally poisoned (-17 -> -18), heroic, constricted
A: large, unfitting armour, claws 3, regeneration 1, shaggy fur 1, tough skin 1
a: Renounce Religion, Heroism, Finesse, Duel


You were on level 2 of the Lair of Beasts.
You worshipped Okawaru.
Okawaru was extremely pleased with you.
You visited 2 branches of the dungeon, and saw 14 of its levels.

You collected 955 gold pieces.
You spent 576 gold pieces at shops.

Inventory:

Hand Weapons
 S - a +0 morningstar
Missiles
 b - 4 boomerangs (quivered)
 y - 38 poisoned darts
 B - a curare-tipped dart
 I - 7 atropa-tipped darts
 T - 4 javelins
 Z - 15 stones
Armour
 a - a +2 hat of see invisible (worn)
 e - an orb of wrath
 o - +0 steam dragon scales (worn)
 D - +0 swamp dragon scales
 F - a +0 tower shield
 X - the +1 kite shield "Emuheceg" (worn) {Rampage Will+ SInv Stlth-}
   (Okawaru gifted it to you on level 1 of the Lair of Beasts)

   SInv:      It lets you see invisible.
   Rampage:   It bestows one free step when moving towards enemies.
   Will:      It increases your willpower.
   Stlth:     It makes you less stealthy.
Jewellery
 s - a ring of willpower (left claw)
 w - an amulet of reflection (around neck)
 C - a ring of resist corrosion
 M - an amulet of the acrobat
 N - a +6 ring of strength (right claw)
Wands
 i - a wand of acid (6)
 J - a wand of mindburst (22)
 L - a wand of flame (24)
 U - a wand of iceblast (4)
Scrolls
 h - 3 scrolls of poison
 l - 7 scrolls of enchant weapon
 n - 2 scrolls of immolation
 t - a scroll of fear {unknown}
 u - 3 scrolls of enchant armour {unknown}
 v - 3 scrolls of teleportation
 x - a scroll of brand weapon
 z - a scroll of noise {unknown}
 A - 2 scrolls of vulnerability
 G - a scroll of acquirement {unknown}
 H - a scroll of blinking {unknown}
 K - a scroll of butterflies {unknown}
 W - a scroll of fog
 Y - a scroll of identify
Potions
 c - 8 potions of might
 d - 5 potions of curing
 f - 3 potions of attraction
 g - 2 potions of brilliance
 j - 3 potions of cancellation
 m - 2 potions of invisibility
 p - 2 potions of resistance
 q - a potion of ambrosia
 r - 2 potions of lignification
 E - a potion of magic
 O - a potion of mutation
 P - 2 potions of haste
 Q - a potion of berserk rage
 R - 2 potions of heal wounds
 V - 2 potions of flight


   Skills:
 + Level 8.9(13.9) Fighting
 + Level 8.9(13.9) Throwing
 - Level 2.4(7.4) Dodging
 + Level 7.2(12.2) Shields
 * Level 14.0(19.0) Unarmed Combat
 + Level 6.0 Invocations


You had 11 spell levels left.
You didn't know any spells.
Your spell library contained the following spells:

 Spells                   Type           Power      Damage    Failure   Level
 Ensorcelled Hibernation  Hex/Ice        0%         N/A       82%         2
 Portal Projectile        Hex/Tloc       0%         N/A       96%         3
 Spider Form              Tmut/Pois      0%         N/A       96%         3
 Anguish                  Hex/Necr       0%         N/A       100%        4
 Manifold Assault         Tloc           0%         N/A       100%        4
 Blade Hands              Tmut           0%         N/A       100%        5
 Dispersal                Tloc           0%         N/A       100%        6
 Storm Form               Tmut/Air       0%         N/A       100%        7
 Disjunction              Tloc           0%         N/A       100%        8
 Maxwell's Capacitive Co  Air            0%         ∞         100%        8
 Tukima's Dance           Hex            Unusable   N/A       N/A         3
 Summon Lightning Spire   Summ/Air       Unusable   N/A       N/A         4

Dungeon Overview and Level Annotations

Branches:
Dungeon (12/15)            Temple (0/1) D:5            Lair (2/5) D:8
  Snake (0/4) Lair:2          Orc (0/2) D:11
  Swamp: Lair:2-3    Shoals: Lair:2-3

Altars:
Ashenzari
Cheibriados
Elyvilon
Kikubaaqudgha
Okawaru
Ru
Sif Muna
Wu Jian
Yredelemnul

Shops:
D:3 [   D:10 =

Annotations:
D:4 1 runed translucent door, pigah's ghost, amateur OpWn
D:12 2 runed translucent doors
Lair:2 2 transporters, retardedninja's ghost, adept HOFi


Innate Abilities, Weirdness & Mutations

You are too large for most types of armour.
You have claws for hands.
Your natural rate of healing is unusually fast.
You are covered in fur. (AC +1)
You have tough skin. (AC +1)


Message History

You eviscerate the naga!!!
You kill the naga!
Okawaru accepts your kill.
You feel sick.
You block the naga's attack. x2; The naga misses you.
You feel sick. You block the naga's attack. x2
The naga hits you from afar with a +0 halberd!
The naga hits you with a +0 trident. You block the naga's attack.
Things that are here:
a +0 trident; a +0 robe; a naga corpse You barely miss the naga.
The naga is heavily wounded.
You feel sick. The naga hits you with a +0 broad axe!
You block the naga's attack. The naga closely misses you.
You block the naga's attack. The naga grabs you. The naga constricts you.
* * * LOW HITPOINT WARNING * * *
You mangle the naga!!
You kill the naga!
Okawaru accepts your kill.
You feel sick. You block the naga's attack. The naga grabs you.
The naga constricts you.
* * * LOW HITPOINT WARNING * * *
You block the naga's attack.
Your Invocations skill increases to level 6!
You gain the combat prowess of a mighty hero.
You feel sick. The naga spits poison at you.
The splash of poison hits you but does no damage.
You are more poisoned.
The naga constricts you.
* * * LOW HITPOINT WARNING * * *
The naga spits poison at you.
The splash of poison reflects off an invisible shield around you!
The splash of poison hits the naga.
The naga completely resists.
You scratch the naga but do no damage.
The naga is heavily wounded.
You feel sick. The naga hits you with a +0 broad axe!!
* * * LOW HITPOINT WARNING * * *
The naga constricts you.
The naga hits you from afar with a +0 halberd!!
You die...

........<......P###.####..#
...#.....#.P##.###.....<...
.....PP...####.###..###PP..
........##.....#PP..# ####.
...>................# #.#
..#........#.##.##.## ##.
...#######.#.#####.# #.
.##....NN.#..# ### ###
...#.#)@#.## #.#
........#.## #.
.#.#.#..#..# ###.
........#..# #...
.>.#...##.###### ####>#.
......##....P#.###P.#...
.#...###.<..............
...##..................
#.......###....####


You could see 2 nagas.

Vanquished Creatures
  Gastronok (Lair:2)
  Fannar (D:12)
  A boulder beetle (D:12)
  3 two-headed ogres
  Urug (D:12)
  An orc knight (D:10)
  2 ugly things
  A manticore (D:12)
  3 elephants (Lair:1)
  5 gargoyles
  4 cane toads
  An unseen horror (D:10)
  4 komodo dragons
  Maggie (Lair:2)
  A rime drake (Lair:1)
  Psyche (D:10)
  2 trolls
  A hornet (D:11)
  2 wraiths (D:12)
  A spriggan (Lair:1)
  2 shadows
  6 wyverns
  22 yaks
  4 basilisks
  4 vampire mosquitoes (D:11)
  A steam dragon (D:7)
  3 nagas (Lair:2)
  9 water moccasins
  2 sky beasts (D:7)
  An ice beast (D:6)
  4 orc warriors
  4 black bears
  2 centaurs
  6 wolves
  2 ogres
  6 phantoms
  5 kobold brigands
  4 necrophages
  6 bullfrogs
  A gnoll sergeant (D:9)
  2 scorpions
  7 wights
  10 killer bees
  A troll zombie (D:11)
  4 howler monkeys
  A hound (D:4)
  2 gnoll boudas
  2 orc priests
  3 jellies
  Ijyb (D:5)
  5 iguanas
  12 orc wizards
  A hell rat (Lair:1)
  5 ogre zombies (D:11)
  17 gnolls
  5 adders
  2 white imps
  2 ufetubi
  A worm (D:2)
  5 dart slugs
  46 orcs
  3 bats
  10 endoplasms
  4 giant cockroaches
  5 goblins
  11 hobgoblins
  3 jackals (D:3)
  32 kobolds
  6 quokkas
  5 ball pythons
  2 frilled lizards (D:1)
  A goblin skeleton (D:11)
  A goblin zombie (D:11)
  A hobgoblin zombie (D:11)
  2 orc skeletons (D:11)
  14 orc zombies (D:11)
  2 rats (D:1)
367 creatures vanquished.

Vanquished Creatures (others)
  A kobold (D:8)
  6 fungi
  15 plants
22 creatures vanquished.

Grand Total: 389 creatures vanquished

Notes
Turn   | Place    | Note
-------+----------+-------------------------------------------
     0 | D:1      | cheesebisquit the Troll Fighter began the quest for the
                  | Orb.
     0 | D:1      | Reached XP level 1. HP: 22/22 MP: 0/0
   126 | D:1      | Reached XP level 2. HP: 20/29 MP: 1/1
   387 | D:1      | Reached XP level 3. HP: 37/37 MP: 2/2
   883 | D:2      | Reached skill level 3 in Unarmed Combat
  1174 | D:2      | Reached XP level 4. HP: 45/45 MP: 3/3
  1618 | D:3      | Reached skill level 1 in Throwing
  1669 | D:3      | Identified the +8 short sword of Honour {freeze, Will+}
  1688 | D:3      | Found Xioggudgh's Armour Shop.
  1937 | D:3      | Found a shimmering blue altar of Sif Muna.
  2047 | D:3      | Found a white marble altar of Elyvilon.
  2048 | D:3      | Found an iron altar of Okawaru.
  2325 | D:3      | Became a worshipper of Warmaster Okawaru
  2429 | D:4      | Noticed a black bear
  2436 | D:4      | Killed a black bear
  2436 | D:4      | Reached * piety under Okawaru
  2437 | D:4      | Reached skill level 4 in Unarmed Combat
  2437 | D:4      | Reached XP level 5. HP: 44/54 MP: 4/4
  2526 | D:4      | Reached XP level 6. HP: 60/62 MP: 5/5
  2539 | D:4      | Found a runed translucent door.
  2539 | D:4      | Noticed pigah's ghost (amateur OpWn)
  2871 | D:5      | Entered Level 5 of the Dungeon
  2950 | D:5      | Noticed Ijyb
  2960 | D:5      | Killed Ijyb
  2961 | D:5      | Reached skill level 5 in Unarmed Combat
  2990 | D:5      | Found a staircase to the Ecumenical Temple.
  3304 | D:5      | Reached XP level 7. HP: 70/70 MP: 6/6
  3520 | D:5      | Found an ancient bone altar of Kikubaaqudgha.
  3520 | D:5      | Found an ornate altar of the Wu Jian Council.
  3522 | D:5      | Found a basalt altar of Yredelemnul.
  3525 | D:5      | Found a snail-covered altar of Cheibriados.
  4023 | D:5      | Reached ** piety under Okawaru
  4065 | D:6      | Reached skill level 6 in Unarmed Combat
  4303 | D:6      | Noticed a yak
  4303 | D:6      | Noticed a yak
  4304 | D:6      | Noticed a yak
  4314 | D:6      | Killed a yak
  4315 | D:6      | Reached XP level 8. HP: 51/79 MP: 7/7
  4319 | D:6      | Reached skill level 7 in Unarmed Combat
  4324 | D:6      | Reached *** piety under Okawaru
  4325 | D:6      | Reached skill level 5 in Fighting
  4511 | D:6      | Reached skill level 8 in Unarmed Combat
  4751 | D:7      | Reached **** piety under Okawaru
  4752 | D:7      | Reached skill level 5 in Throwing
  4845 | D:7      | Reached XP level 9. HP: 77/89 MP: 8/8
  4945 | D:7      | Noticed a troll
  4957 | D:7      | Killed a troll
  4985 | D:7      | Reached skill level 9 in Unarmed Combat
  5698 | D:8      | Reached ***** piety under Okawaru
  5699 | D:8      | Reached skill level 10 in Unarmed Combat
  5741 | D:8      | Received a gift from Okawaru
  5742 | D:8      | Reached XP level 10. HP: 23/100 MP: 1/9
  5853 | D:8      | Found a staircase to the Lair.
  5883 | D:8      | Received a gift from Okawaru
  6498 | D:8      | Reached skill level 1 in Invocations
  6904 | D:9      | Noticed a two-headed ogre
  6913 | D:9      | Killed a two-headed ogre
  6914 | D:9      | Reached skill level 11 in Unarmed Combat
  6914 | D:9      | Found a sacrificial altar of Ru.
  7075 | D:9      | Noticed a two-headed ogre
  7083 | D:9      | Killed a two-headed ogre
  7580 | D:9      | Noticed a lindwurm
  7580 | D:9      | Noticed a lindwurm
  7582 | D:9      | Noticed a lindwurm
  7583 | D:9      | Noticed a lindwurm
  7980 | D:10     | Entered Level 10 of the Dungeon
  8075 | D:10     | Noticed a gargoyle
  8080 | D:10     | Killed a gargoyle
  8081 | D:10     | Reached XP level 11. HP: 93/109 MP: 10/12
  8122 | D:10     | Reached skill level 5 in Shields
  8123 | D:10     | Received a gift from Okawaru
  8371 | D:10     | Found a broken altar of Ashenzari.
  8425 | D:10     | Found Ohuadesh's Jewellery Shop.
  8533 | D:10     | HP: 5/109 [something (5)]
  8534 | D:10     | HP: 2/109 [something (4)]
  8771 | D:10     | Noticed an orc knight
  8771 | D:10     | Noticed Psyche
  8776 | D:10     | Killed Psyche
  8782 | D:10     | Killed an orc knight
  8783 | D:10     | Reached skill level 12 in Unarmed Combat
  8858 | D:10     | Noticed a two-headed ogre
  8866 | D:10     | Killed a two-headed ogre
  8997 | D:10     | Bought a +6 ring of strength for 576 gold pieces
  9076 | D:11     | Found a staircase to the Orcish Mines.
  9305 | D:11     | Noticed a green ugly thing
  9315 | D:11     | Killed a green ugly thing
 10041 | D:12     | Noticed a purple ugly thing
 10052 | D:12     | Killed a purple ugly thing
 10108 | D:12     | Noticed a boulder beetle
 10122 | D:12     | Killed a boulder beetle
 10184 | D:12     | Noticed Fannar
 10198 | D:12     | Killed Fannar
 10279 | D:12     | Reached XP level 12. HP: 86/120 MP: 11/14
 10402 | D:12     | Noticed Urug
 10410 | D:12     | Killed Urug
 10542 | D:12     | Reached skill level 13 in Unarmed Combat
 10616 | D:12     | Found a runed translucent door.
 10616 | D:12     | Noticed a centaur warrior
 10617 | D:12     | Noticed a seven-headed hydra
 10620 | D:12     | Found a runed translucent door.
 11045 | D:8      | Found a staircase to the Lair.
 11669 | Lair:1   | Entered Level 1 of the Lair of Beasts
 11759 | Lair:1   | Reached skill level 5 in Invocations
 12145 | Lair:1   | Identified the +1 kite shield "Emuheceg" {Rampage Will+
                  | SInv Stlth-} (Okawaru gifted it to you on level 1 of the
                  | Lair of Beasts)
 12145 | Lair:1   | Received a gift from Okawaru
 12908 | Lair:2   | Found a transporter.
 12923 | Lair:2   | Noticed Maggie
 12931 | Lair:2   | Killed Maggie
 13115 | Lair:2   | Noticed Gastronok
 13134 | Lair:2   | Killed Gastronok
 13135 | Lair:2   | Reached skill level 14 in Unarmed Combat
 13147 | Lair:2   | Found a transporter.
 13164 | Lair:2   | Noticed a hell hog
 13166 | Lair:2   | Noticed retardedninja's ghost (adept HOFi)
 13216 | Lair:2   | Found a staircase to the Snake Pit.
 13221 | Lair:2   | Demolished by a naga

Illustrated notes

Levels and vault maps discovered:
D:1:      matt_arrival_spirals, layout_rooms, minmay_tromino_i2
D:2:      layout_basic
D:3:      layout_loops_ring, lemuel_crystal_altar,
          mainiacjoe_overflow_divided_tiny, serial_shops, nicolae_shop_trees,
          roderic_st_hans_cross, kennysheep_generic_room_3
D:4:      layout_rooms, hellmonk_ghost_happy_afterlife,
          amcnicky_mini_rare_corridor_liquid
D:5:      layout_layer_cave, minitemple, minmay_temple_entry_junction, uniq_ijyb
D:6:      layout_rooms, minmay_misc_feat_rugged, uniq_crazy_yiuf_cottage
D:7:      layout_basic
D:8:      layout_basic, minmay_lair_entry_grove
D:9:      layout_long_grid, lemuel_coloured_pillars_altar,
          hangedman_abyss_or_decor_stabs, minmay_lindwurm_lava
D:10:     cheibrodos_orc_bank, layout_cave_pools, general_overflow_altar,
          serial_shops, shop, uniq_psyche
D:11:     layout_cave_pods, zombieorc1_lemuel
D:12:     minmay_the_grid_triangle_9x9_rhombus_full
          [minmay_the_grid_triangle_9x9_fully_insulated_deathbox,
          minmay_the_grid_triangle_9x9_sprig,
          minmay_the_grid_triangle_9x9_tough_junction,
          minmay_the_grid_triangle_9x9_flanged_cone,
          minmay_the_grid_triangle_9x9_corrupted_corridor,
          minmay_the_grid_triangle_9x9_minimal,
          minmay_the_grid_triangle_9x9_windchime,
          minmay_the_grid_triangle_9x9_prize_special], layout_irregular_city,
          uniq_fannar, uniq_urug
Lair:1:   layout_hall_layers, grunt_forest_large_clearing_hut
Lair:2:   layout_loops_ring, nicolae_swamp_entry_splash_gauntlet,
          minmay_snake_entry_guardpost_large, gammafunk_ghost_abyssal_escape,
          small_statue_intersection, guppyfry_lair_drakes, uniq_maggie,
          uniq_gastronok

Skill      XL: |  1  2  3  4  5  6  7  8  9 10 11 12 |
---------------+-------------------------------------+-----
Fighting       | 3 4 5 6 7 8 |  8.9
Unarmed Combat | 3 4 5 6 8 10 11 12 14 | 14.0
Throwing       | 2 3 5 6 7 8 |  8.9
Shields        | 3 4 6 7 |  7.2
Invocations    | 2 4 6 |  6.0
Dodging        | |  2.4

Action                     |  1- 3 |  4- 6 |  7- 9 | 10-12 || total
---------------------------+-------+-------+-------+-------++-------
  Melee: Unarmed           |    90 |    71 |   205 |   557 ||   923
  Throw: Stone             |    46 |    34 |    24 |    61 ||   165
         Dart              |    26 |    81 |    12 |    35 ||   154
         Boomerang         |       |       |    48 |   112 ||   160
 Invoke: Heroism           |       |       |     2 |    20 ||    22
         Finesse           |       |       |     1 |     1 ||     2
    Use: Scroll            |       |     9 |     4 |    13 ||    26
         Potion            |       |       |     2 |     4 ||     6
 Armour: Robe              |    40 |    19 |    23 |       ||    82
         Steam dragon scal |       |       |    34 |   132 ||   166
  Dodge: Dodged            |    36 |    20 |    54 |   141 ||   251
  Block: Kite shield       |    42 |    31 |   113 |    79 ||   265
         Reflection        |       |     2 |     5 |    34 ||    41
         Tower shield      |       |       |    47 |   489 ||   536

Table legend: (Time is in decaauts)
 A = Elapsed time spent in this place.
 B = Non-inter-level travel time spent in this place.
 C = Inter-level travel time spent in this place.
 D = Time resting spent in this place.
 E = Time spent auto-exploring this place.
 F = Levels seen in this place.
 G = Mean time per level.
                   A        B        C        D        E       F      G
               +--------+--------+--------+--------+--------+-----+--------+
         Total |  13260 |  12558 |    702 |    256 |   9649 |  14 |  947.1 |
       Dungeon |  11724 |  11028 |    696 |    256 |   8458 |  12 |  977.0 |
          Lair |   1536 |   1530 |      6 |      0 |   1191 |   2 |  768.0 |
               +--------+--------+--------+--------+--------+-----+--------+

Top non-repeatable levels by time:
     D:8: 1924 daAuts
     D:9: 1197 daAuts
     D:5: 1179 daAuts
    D:11: 1072 daAuts
    D:10: 1049 daAuts
  Lair:1: 1018 daAuts
     D:3: 927 daAuts
     D:7: 881 daAuts
     D:2: 862 daAuts
    D:12: 811 daAuts
     D:6: 705 daAuts
     D:1: 638 daAuts
  Lair:2: 518 daAuts
     D:4: 473 daAuts
